 Dungeon Crawl Stone Soup version 0.22.0-13-g43fe8f2 (webtiles) character file.

3211 mopl the Arsonist (level 9, -2/51 HPs)
             Began as an Octopode Fire Elementalist on Aug 16, 2018.
             Slain by a two-headed ogre
             ... wielding a +0 giant club
              (14 damage)
             ... on level 8 of the Dungeon.
             The game lasted 00:17:47 (8002 turns).

mopl the Arsonist (Octopode Fire Elementalist)      Turns: 8002, Time: 00:17:48

Health: -2/51      AC:  1    Str:  7    XL:     9   Next: 97%
Magic:  10/17      EV: 13    Int: 29    God:
Gold:   363        SH:  0    Dex: 12    Spells: 3/19 levels left

rFire    . . .     SeeInvis .   u - staff of energy {!a}
rCold    . . .     Gourm    .   (no shield)
rNeg     . . .     Faith    .   (helmet restricted)
rPois    +         Spirit   .   (no amulet)
rElec    .         Reflect  .   f - +3 ring of intelligence
rCorr    .         Harm     .   A - ring of stealth
MR       .....                  F - ring of poison resistance
Stlth    ++++......             J - +5 ring of intelligence
HPRegen  0.17/turn              (no ring)
MPRegen  0.15/turn              (no ring)
                                (no ring)
                                (no ring)

@: no status effects
A: almost no armour, stealthy swim, amphibious, 8 rings, constrict 8, camouflage
1, gelatinous body 1
a: no special abilities


You were on level 8 of the Dungeon.
You were not hungry.

You visited 2 branches of the dungeon, and saw 9 of its levels.

You collected 363 gold pieces.

Inventory:

Hand Weapons
 a - a +0 dagger of venom
 b - a +0 spear
 D - the +3 dagger of Fortitude {pierce, rPois rF++ Dex-5 SInv}
   (You took it off a centaur on level 7 of the Dungeon)

   It inflicts extra damage upon your enemies.
   It affects your dexterity (-5).
   It greatly protects you from fire.
   It protects you from poison.
   It lets you see invisible.
Missiles
 k - 13 poisoned needles
 n - 17 tomahawks (quivered)
 r - 6 needles of confusion
 w - a throwing net
Magical Staves
 u - an uncursed staff of energy (weapon) {!a}
 H - an uncursed staff of death
Jewellery
 f - a +3 ring of intelligence (left tentacle)
 A - a ring of stealth (right tentacle)
 F - a ring of poison resistance (on tentacle)
 J - a +5 ring of intelligence (on tentacle)
Wands
 o - a wand of enslavement (7)
 x - a wand of disintegration (11)
 y - a wand of flame (16)
 K - a wand of acid (8)
Scrolls
 e - 3 scrolls of amnesia {unknown}
 g - a scroll of remove curse {unknown}
 i - 4 scrolls of teleportation {unknown}
 j - a scroll of noise {unknown}
 m - a scroll of random uselessness {unknown}
 p - a scroll of immolation {unknown}
 s - 3 scrolls of fog {unknown}
 t - 3 scrolls of enchant weapon {unknown}
 E - a scroll of summoning {unknown}
Potions
 c - a potion of agility
 d - 3 potions of invisibility
 l - 7 potions of curing
 q - a potion of haste
 v - 3 potions of mutation {unknown}
 z - a potion of berserk rage {unknown}
 B - 3 potions of brilliance {unknown}
 C - 2 potions of flight
 G - a potion of might
Comestibles
 h - 14 rations
 I - 5 chunks of flesh


   Skills:
 - Level 2.0 Dodging
 - Level 2.6 Stealth
 + Level 5.9 Spellcasting
 * Level 8.5 Conjurations
 * Level 9.1 Fire Magic
 - Level 2.0 Evocations


You had 3 spell levels left.
You knew the following spells:

 Your Spells              Type           Power        Failure   Level  Hunger
a - Flame Tongue          Conj/Fire      #####        1%          1    None
c - Conjure Flame         Conj/Fire      ######..     1%          3    None
d - Sticky Flame          Conj/Fire      ######..     1%          4    None
f - Fireball              Conj/Fire      ######....   4%          5    None
h - Inner Flame           Hex/Fire       #####...     2%          3    None

Your spell library contained the following spells:

 Spells                   Type           Power        Failure   Level  Hunger
 Apportation              Tloc           #.....       6%          1    None
 Invisibility             Hex            #.......     100%        6    None
 Throw Flame              Conj/Fire      ######       1%          2    None
 Tukima's Dance           Hex            #.......     17%         3    None
 Spider Form              Tmut/Pois      #.........   17%         3    None
 Blade Hands              Tmut           #.........   85%         5    None
 Ice Form                 Ice/Tmut       #.......     50%         4    None
 Sticks to Snakes         Tmut           #.......     9%          2    None
 Summon Butterflies       Summ           #.......     6%          1    None
 Alistair's Intoxication  Tmut/Pois      #.......     85%         5    None
 Beastly Appendage        Tmut           #.....       6%          1    None
 Lesser Beckoning         Tloc           #.........   17%         3    None


Dungeon Overview and Level Annotations

Branches:
Dungeon (8/15)             Temple (1/1) D:4
   Lair: D:8-11

Altars:
Ashenzari
Cheibriados
Dithmenos
Elyvilon
Fedhas
Hepliaklqana
Kikubaaqudgha
Makhleb
Nemelex Xobeh
Okawaru
Qazlal
Ru
Sif Muna
Uskayaw
Wu Jian
Xom
Yredelemnul
Zin
The Shining One

Shops:
D:5 :

Annotations:
D:2 1 runed door, Robin, Sigmund


Innate Abilities, Weirdness & Mutations

You cannot wear most types of armour.
You are very stealthy in the water. (Stealth+)
You are amphibious.
You can wear up to eight rings at the same time.
You can use your tentacles to constrict eight enemies at once.
Your skin changes colour to match your surroundings (Stealth+).
Your rubbery body absorbs attacks. (AC +1, EV +1)


Message History

Aiming: Flame Tongue (safe; 1% risk of failure)
Press: ? - help, Shift-Dir - straight line, f/p - two-headed ogre
Aim: a two-headed ogre, wielding a giant club and a giant spiked club (heavily wounded)
The flame tongue hits the two-headed ogre.
The two-headed ogre is heavily wounded.
Unknown command.
Casting: Flame Tongue (safe; 1% risk of failure)
Confirm with . or Enter, or press ? or * to list all spells.
Aiming: Sticky Flame (safe; 1% risk of failure)
Press: ? - help, Shift-Dir - straight line, f/p - two-headed ogre
Aim: a two-headed ogre, wielding a giant club and a giant spiked club (heavily wounded)
The sticky flame hits the two-headed ogre.
The two-headed ogre is severely wounded.
The two-headed ogre is covered in liquid flames!
The two-headed ogre burns!
The two-headed ogre hits you with a giant club!!
Ouch! That really hurt!
* * * LOW HITPOINT WARNING * * *
The two-headed ogre hits you with a giant spiked club!
You die...

.........##+#####.#
.#.#.....# #.# .#.......##.
#.# .##......##.# #.#
###......##.# #.#
.........##.# ###'#########
.........##.# #...........#
...#.######.# #...........#
...#..#####.###.@O........#
..........................#
##.##.#####.###...........#
.......# #.# #...........#
.....#.## #.##............#
.....#..###.##...)......(.#
............##............#
.....##.##..##...#########
.....##.##..# ..#


You could see a two-headed ogre (burning).

Vanquished Creatures
  2 hippogriffs (D:8)
  Menkaure (D:7)
  2 sky beasts
  An orc warrior (D:8)
  2 ice beasts
  2 phantoms
  2 centaurs
  5 ogres
  A big kobold (D:7)
  2 bullfrogs
  2 scorpions
  3 wights (D:7)
  A bullfrog zombie (D:6)
  2 howler monkeys (D:8)
  A crimson imp (D:8)
  4 human zombies (D:7)
  4 hounds
  5 orc wizards
  2 orc priests
  Ijyb (D:4)
  Terence (D:2)
  A human skeleton (D:7)
  2 iguanas
  Natasha (thrice) (D:4)
  3 worker ants
  An ogre zombie (D:7)
  A hound skeleton (D:6)
  2 mummies (D:7)
  4 gnolls (D:4)
  4 adders
  A shadow imp (D:6)
  3 oozes
  An adder skeleton (D:4)
  4 leopard geckos
  21 orcs
  A ball python (D:2)
  8 giant cockroaches
  8 goblins
  6 hobgoblins
  9 jackals
  3 quokkas
  8 bats
  5 frilled lizards
  7 kobolds
  A leopard gecko skeleton (D:7)
  An orc zombie (D:7)
  2 rats
156 creatures vanquished.

Notes
Turn   | Place    | Note
-------+----------+-------------------------------------------
     0 | D:1      | mopl the Octopode Fire Elementalist began the quest for the Orb.
     0 | D:1      | Reached XP level 1. HP: 11/11 MP: 3/3
   491 | D:1      | Reached XP level 2. HP: 17/17 MP: 5/5
  1109 | D:2      | Noticed Sigmund
  1232 | D:2      | Found a runed door.
  1525 | D:3      | Noticed an ogre
  1550 | D:3      | Reached XP level 3. HP: 21/21 MP: 6/6
  1555 | D:3      | Learned a level 3 spell: Conjure Flame
  1612 | D:3      | Reached skill level 2 in Conjurations
  1983 | D:2      | Reached XP level 4. HP: 25/27 MP: 3/8
  2009 | D:2      | Learned a level 4 spell: Sticky Flame
  2063 | D:2      | Noticed Terence
  2075 | D:2      | Killed Terence
  2252 | D:2      | Noticed Robin
  2264 | D:2      | Reached skill level 3 in Spellcasting
  2264 | D:2      | Reached skill level 4 in Fire Magic
  2264 | D:2      | Reached XP level 5. HP: 28/31 MP: 2/9
  2433 | D:3      | Reached skill level 3 in Conjurations
  2611 | D:3      | Killed an ogre
  2611 | D:3      | Reached XP level 6. HP: 36/36 MP: 1/10
  2619 | D:3      | Learned a level 3 spell: Inner Flame
  2726 | D:4      | Noticed Natasha
  2737 | D:4      | Killed Natasha
  2770 | D:4      | Reached skill level 5 in Fire Magic
  2962 | D:4      | Reached skill level 4 in Conjurations
  3229 | D:4      | Reached XP level 7. HP: 33/41 MP: 0/12
  3267 | D:4      | Noticed Natasha
  3278 | D:4      | Found a staircase to the Ecumenical Temple.
  3301 | Temple   | Entered the Ecumenical Temple
  3639 | D:4      | Reached skill level 1 in Evocations
  3657 | D:4      | Noticed Ijyb
  3673 | D:4      | Killed Ijyb
  4203 | D:4      | Killed Natasha
  4376 | D:4      | Noticed Natasha
  4381 | D:4      | Killed Natasha
  4387 | D:5      | Entered Level 5 of the Dungeon
  4438 | D:5      | Found Foj Kid's Book Boutique.
  4551 | D:5      | Reached skill level 4 in Spellcasting
  4652 | D:5      | Reached skill level 5 in Conjurations
  4652 | D:5      | Reached skill level 6 in Fire Magic
  4652 | D:5      | Reached skill level 2 in Evocations
  4669 | D:5      | Reached XP level 8. HP: 46/46 MP: 4/14
  5210 | D:6      | Reached skill level 6 in Conjurations
  5289 | D:6      | Learned a level 5 spell: Fireball
  5376 | D:6      | Reached skill level 7 in Fire Magic
  5478 | D:6      | Found a hazy altar of Hepliaklqana.
  5612 | D:6      | Found a deep blue altar of Sif Muna.
  5619 | D:6      | Found a blossoming altar of Fedhas.
  6139 | D:7      | Reached skill level 5 in Spellcasting
  6139 | D:7      | Reached XP level 9. HP: 36/51 MP: 12/16
  6383 | D:7      | Found a basalt altar of Yredelemnul.
  6400 | D:7      | Reached skill level 7 in Conjurations
  6612 | D:7      | Noticed Menkaure
  6714 | D:7      | Reached skill level 8 in Fire Magic
  6718 | D:7      | Got an uncursed polished dagger {pierce}
  7142 | D:7      | Killed Menkaure
  7557 | D:7      | Found a snail-covered altar of Cheibriados.
  7592 | D:7      | Identified the +3 dagger of Fortitude {pierce, rPois rF++ Dex-5 SInv} (You took it off a centaur on level 7 of the Dungeon)
  7771 | D:8      | Reached skill level 8 in Conjurations
  7896 | D:8      | Reached skill level 9 in Fire Magic
  7988 | D:8      | Noticed a two-headed ogre
  8002 | D:8      | Slain by a two-headed ogre

Skill      XL: |  1  2  3  4  5  6  7  8  9 |
---------------+----------------------------+-----
Conjurations   | 2 3 4 5 6 8 |  8.5
Spellcasting   | 3 4 5 |  5.9
Fire Magic     | 4 5 6 7 9 |  9.1
Evocations     | 2 |  2.0
Dodging        | |  2.0
Stealth        | |  2.6

Action                   |  1- 3 |  4- 6 |  7- 9 || total
-------------------------+-------+-------+-------++-------
Melee: Spear             |    55 |    14 |       ||    69
       Unarmed           |     4 |       |       ||     4
       Constrict         |    11 |    15 |     5 ||    31
       Tentacles         |     5 |    13 |     6 ||    24
       Dagger            |       |    46 |    29 ||    75
 Cast: Flame Tongue      |    23 |    39 |   150 ||   212
       Sticky Flame      |       |     3 |    35 ||    38
       Conjure Flame     |       |     2 |     5 ||     7
       Fireball          |       |       |     6 ||     6
       Inner Flame       |       |       |     2 ||     2
Evoke: Staff of energy   |       |       |    46 ||    46
       Wand              |       |       |     1 ||     1
  Use: Scroll            |     4 |     1 |     2 ||     7
 Stab: Sleeping          |     7 |     2 |     2 ||    11
       Distracted        |     1 |       |       ||     1
  Eat: Chunk             |     3 |     4 |    11 ||    18
       Ration            |       |       |     2 ||     2
Armor: Skin              |     5 |     8 |     3 ||    16
Dodge: Dodged            |    40 |    36 |    67 ||   143
